 Dungeon Crawl Stone Soup version 0.19-a0-1002-g674d22e (webtiles) character file.

704 HAL9000 the Basher (level 7, -7/71 HPs)
             Began as an Ogre Hunter on July 18, 2016.
             Mangled by Shenda's ghost (8 damage)
             ... on level 5 of the Dungeon.
             The game lasted 00:07:02 (3757 turns).

HAL9000 the Basher (Ogre Hunter)                    Turns: 3757, Time: 00:07:03

Health: -7/71      AC:  3    Str: 18    XL:     7   Next: 66%
Magic:  0/7        EV: 11    Int: 10    God:
Gold:   145        SH:  0    Dex: 14    Spells: 0 memorised, 6 levels left

rFire  + . .     SeeInvis .     A - +3 mace "Hotihuleu" {flame, +Inv rPois}
rCold  . . .     Gourm    .     b - +0 robe
rNeg   . . .     Faith    .     (no shield)
rPois  +         Spirit   +     i - +0 hat
rElec  .         Dismiss  .     (no cloak)
rCorr  .         Reflect  .     (gloves unavailable)
SustAt .         Harm     .     (boots unavailable)
MR     .....                    v - amulet of guardian spirit
Stlth  +.........               x - +2 ring of dexterity
                                q - ring of protection from fire

@: very slightly contaminated, not resistant to hostile enchantments, very
unstealthy
A: unfitting armour, tough skin 1
a: Evoke Invisibility


You were on level 5 of the Dungeon.
You were not hungry.

You visited 1 branch of the dungeon, and saw 5 of its levels.

You collected 145 gold pieces.

Inventory:

Hand Weapons
 l - a +2 mace of crushing
 A - the +3 mace "Hotihuleu" (weapon) {flame, +Inv rPois}
   (You found it on level 4 of the Dungeon)

   It has been specially enchanted to burn those struck by it, causing extra
   injury to most foes and up to half again as much damage against particularly
   susceptible opponents.
   It protects you from poison.
   It lets you turn invisible.
Missiles
 c - 3 large rocks (quivered)
 d - 2 throwing nets
Armour
 b - a +0 robe (worn)
 i - a +0 hat (worn)
Jewellery
 q - a ring of protection from fire (left hand)
 v - an amulet of guardian spirit (around neck)
 x - a +2 ring of dexterity (right hand)
Wands
 E - a wand of iceblast (7/15)
Scrolls
 h - a scroll of recharging {unknown}
 k - 4 scrolls of identify {unknown}
 m - 2 scrolls of blinking {unknown}
 n - a scroll of teleportation {unknown}
 o - a scroll of enchant weapon {unknown}
 p - 5 scrolls of remove curse {unknown}
 r - 2 scrolls of amnesia {unknown}
 s - a scroll of magic mapping {unknown}
Potions
 u - a potion of curing
 w - a potion of flight {unknown}
 z - a potion of mutation {unknown}
 C - a potion of agility {unknown}
Books
 y - a book of Cantrips

   Spells                             Type                      Level
   a - Confusing Touch                Hexes                        1
   b - Animate Skeleton               Necromancy                   1
   c - Summon Small Mammal            Summoning                    1
   d - Apportation                    Translocation                1
Comestibles
 f - 3 bread rations
 t - 17 fruits
 B - 3 royal jellies


   Skills:
 + Level 4.5 Fighting
 * Level 9.2 Maces & Flails
 - Level 4.0 Throwing
 + Level 2.9 Dodging
 - Level 0.7 Stealth


You had 6 spell levels left.
You didn't know any spells.

Dungeon Overview and Level Annotations

Branches:
Dungeon (5/15)
 Temple: D:4-7

Altars:
Dithmenos
Elyvilon
Fedhas
Hepliaklqana
Pakellas
Yredelemnul
The Shining One

Annotations:
D:5 Shenda's ghost, novice VSFi; Sigmund


Innate Abilities, Weirdness & Mutations

You are too large for most types of armour.
You have tough skin. (AC +1)


Message History

You hit Shenda's ghost but do no damage.
Shenda's ghost is heavily damaged.
Shenda's ghost closely misses you.
You strike the helpless Shenda's ghost from behind!
You hit Shenda's ghost but do no damage.
Shenda's ghost is heavily damaged.
Shenda's ghost barely misses you.
You hit Shenda's ghost. You burn Shenda's ghost.
Shenda's ghost is severely damaged.
You flicker back into view.
Shenda's ghost hits you!
* * * LOW HITPOINT WARNING * * *
Shenda's ghost hits you!
* * * LOW HITPOINT WARNING * * *
Unknown command.
Okay, then.
You hit Shenda's ghost. You burn Shenda's ghost.
Shenda's ghost is almost destroyed.
Shenda's ghost hits you!
You die...

.# #.## .# #(. .# #..
.####### #.# .......#
########.## .......#
........(.# .......#
..........# .......#
.......W..# .......#
.......@..#
.......#########'######
.####...................
.#..#...................
.#..#...................
.'..#...................
.#..#...................
.#####'#################
.'...........#


You could see Shenda's ghost.

Vanquished Creatures
  A sky beast (D:5)
  A black bear (D:4)
  2 phantoms
  The ghost of Gruesome the Bolt Thrower, an amateur CeHu (D:3)
  A crimson imp (D:5)
  A hound (D:4)
  3 iguanas (D:4)
  6 adders
  2 worms
  A dart slug (D:3)
  2 giant geckos (D:4)
  An orc (D:3)
  7 bats
  5 giant cockroaches
  2 gnoll zombies (D:3)
  4 hobgoblins
  4 jackals (D:5)
  8 kobolds
  2 quokkas
  3 ball pythons
  A ball python skeleton (D:5)
  4 giant newts
  5 goblins
  4 rats
71 creatures vanquished.

Notes
Turn   | Place    | Note
-------+----------+-------------------------------------------
     0 | D:1      | HAL9000 the Ogre Hunter began the quest for the Orb.
     0 | D:1      | Reached XP level 1. HP: 22/22 MP: 1/1
   218 | D:1      | Reached XP level 2. HP: 22/31 MP: 2/2
   224 | D:1      | Reached skill level 1 in Maces & Flails
   593 | D:2      | Reached skill level 2 in Maces & Flails
   607 | D:2      | Found a white marble altar of Elyvilon.
   947 | D:2      | Reached XP level 3. HP: 29/37 MP: 3/3
  1035 | D:2      | Reached skill level 3 in Maces & Flails
  1222 | D:3      | Noticed Gruesome's ghost (amateur CeHu)
  1227 | D:3      | Killed Gruesome's ghost
  1227 | D:3      | Reached skill level 5 in Maces & Flails
  1227 | D:3      | Reached XP level 4. HP: 38/45 MP: 4/4
  1236 | D:3      | Reached XP level 5. HP: 46/53 MP: 5/5
  1481 | D:3      | Reached skill level 6 in Maces & Flails
  1504 | D:3      | Found a hazy altar of Hepliaklqana.
  1510 | D:3      | Found a blossoming altar of Fedhas.
  1511 | D:3      | Found a glowing golden altar of the Shining One.
  1511 | D:3      | Found a shadowy altar of Dithmenos.
  1583 | D:3      | Found an oddly glowing altar of Pakellas.
  1722 | D:3      | Found a basalt altar of Yredelemnul.
  2122 | D:4      | Reached skill level 7 in Maces & Flails
  2122 | D:4      | Reached XP level 6. HP: 61/61 MP: 6/6
  2183 | D:4      | Got an encrusted mace
  2184 | D:4      | Identified the +3 mace "Hotihuleu" {flame, +Inv rPois} (You found it on level 4 of the Dungeon)
  2259 | D:4      | Noticed a black bear
  2268 | D:4      | Killed a black bear
  2268 | D:4      | Reached skill level 8 in Maces & Flails
  2662 | D:4      | Noticed a phantom
  2668 | D:4      | Killed a phantom
  2668 | D:4      | Reached XP level 7. HP: 63/68 MP: 7/7
  3081 | D:5      | Entered Level 5 of the Dungeon
  3110 | D:5      | Noticed Sigmund
  3420 | D:5      | Reached skill level 9 in Maces & Flails
  3736 | D:5      | Noticed Shenda's ghost (novice VSFi)
  3756 | D:5      | HP: 1/71 [Shenda's ghost (10)]
  3757 | D:5      | Mangled by Shenda's ghost

Vault maps used:
D:1:      saegor_arrival_under_anarchy, interstate_on_off,
          minmay_misc_feat_square
D:2:      elyvilon_altar_4
D:3:      grunt_temple_overflow_open, lemuel_zombie_altar_yredelemnul,
          first_bread, dk_vineyard_2, grunt_pakellas_basics
D:4:      black_bear_nest_2
D:5:      uniq_edmund, uniq_sigmund

Skill      XL: |  1  2  3  4  5  6  7 |
---------------+----------------------+-----
Fighting       | 3 4 |  4.5
Maces & Flails | 2 5 7 8 9 |  9.2
Dodging        | 2 |  2.9
Throwing       | |  4.0
Stealth        | |  0.7

Action                   |  1- 3 |  4- 6 |  7- 9 || total
-------------------------+-------+-------+-------++-------
Melee: Short sword       |    16 |       |       ||    16
       Mace              |    48 |    86 |    61 ||   195
Throw: Large rock        |     5 |     8 |     7 ||    20
  Use: Potion            |       |       |     3 ||     3
 Stab: Sleeping          |     1 |     3 |       ||     4
       Invisible         |       |       |     1 ||     1
  Eat: Chunk             |       |     5 |     4 ||     9
Armor: Robe              |    25 |    12 |     5 ||    42
Dodge: Dodged            |    25 |    44 |    28 ||    97
